Map: Emerald City CE

Players

Hardvision

  • Race: Terran Terran
  • League: Grandmaster
  • Spawn Location: 5:00

A.I. 2 (Elite) - Winner!

  • Race: Zerg Zerg
  • Spawn Location: 11:00

VOD

Have the link to the VOD?

Description

Time

  • Played on: July 9, 2026, 11:25 a.m.
  • Length: 9:39
Show
View Real Time Build Order
Export as new Build Order

Hardvision Terran 

Build Orders: 2 Factory, Hellion Opening, Mech 

Get SALT Encoding   

  8  0:00  SCV  
  9  0:12  SCV  
  10  0:24  SCV  
  11  0:35  Refinery  
  11  0:36  SCV  
  11  0:42  Supply Depot  
  12  0:49  SCV  
  14  1:04  SCV  
  14  1:10  Barracks  
  14  1:16  SCV  
  15  1:28  SCV  
  16  1:40  SCV  
  17  1:56  Orbital Command  
  17  1:58  Factory, Barracks Reactor  
  17  2:22  SCV  
  18  2:25  Supply Depot  
  18  2:36  SCV  
  19  2:39  Command Center  
  19  2:48  SCV  
  20  2:53  Hellion x2  
  24  2:58  Supply Depot  
  24  3:00  SCV  
  25  3:14  Hellion x2  
  29  3:20  SCV  
  29  3:23  Factory  
  30  3:28  Refinery  
  30  3:32  SCV  
  31  3:38  Hellion  
  35  3:41  Hellion  
  35  3:44  SCV  
  36  3:49  Barracks Tech Lab  
  36  3:54  Orbital Command  
  36  3:56  SCV  
  37  4:06  Hellion x2  
  37  4:08  SCV  
  42  4:20  Hellion  
  42  4:21  Infernal Pre-Igniter  
  42  4:22  SCV  
  42  4:23  SCV  
  46  4:29  Supply Depot  
  46  4:34  Hellion  
  46  4:35  SCV  
  46  4:37  SCV  
  50  4:44  Hellion  
  50  4:50  SCV  
  50  4:51  Supply Depot, SCV  
  52  4:56  Hellion  
  54  5:02  SCV  
  54  5:03  SCV  
  54  5:04  Barracks Tech Lab  
  56  5:09  Factory  
  56  5:13  Siege Tank  
  59  5:14  SCV  
  59  5:16  Supply Depot  
  59  5:19  SCV  
  61  5:26  SCV  
  62  5:29  Supply Depot  
  62  5:31  SCV  
  62  5:33  Hellion  
  65  5:38  Hellion, Supply Depot  
  65  5:39  SCV  
  66  5:46  SCV  
  65  5:50  Siege Tank  
  65  5:51  SCV  
  69  5:58  SCV  
  69  6:01  Command Center  
  69  6:03  SCV  
  71  6:10  SCV  
  62  6:17  Supply Depot  
  56  6:20  Siege Tank  
  56  6:21  Hellion x2  
  56  6:23  SCV  
  64  6:27  Siege Tank  
  67  6:34  Refinery x2  
  67  6:37  SCV x2  
  69  6:42  Hellion x2  
  69  6:45  Supply Depot  
  73  6:49  SCV  
  73  6:52  Siege Tank  
  77  6:55  SCV  
  77  6:59  Engineering Bay  
  77  7:00  Armory  
  78  7:01  SCV  
  78  7:06  Siege Tank  
  78  7:07  Hellion x2, SCV  
  87  7:19  SCV  
  88  7:24  Siege Tank  
  91  7:30  Factory  
  91  7:31  SCV x2  
  91  7:32  Missile Turret, Factory, Orbital Command  
  91  7:34  Missile Turret  
  91  7:35  Missile Turret  
  93  7:38  Siege Tank  
  93  7:41  Hellion x2  
  93  7:43  SCV  
  93  7:44  SCV  
  102  7:48  Refinery  
  102  7:49  Refinery  
  102  7:55  SCV  
  102  7:56  SCV  
  102  7:57  Supply Depot  
  104  7:59  SCV  
  104  8:01  Supply Depot  
  105  8:07  SCV, Sensor Tower  
  105  8:08  SCV  
  107  8:24  Factory Tech Lab  
  107  8:25  Factory Reactor  
  107  8:33  Siege Tank x2  
  107  8:34  Hellion x2  
  117  8:35  Missile Turret  
  117  8:36  Missile Turret  
  117  8:37  Supply Depot  
  117  8:40  Supply Depot x2  
  117  8:44  Supply Depot  
Show
View Real Time Build Order
Export as new Build Order

A.I. 2 (Elite) Zerg - Winner!

Build Orders: Pool First 

Get SALT Encoding   

  8  0:00  Drone  
  9  0:11  Drone  
  10  0:16  Drone  
  11  0:22  Drone  
  12  0:34  Overlord  
  12  0:52  Drone x3  
  15  1:03  Drone  
  16  1:11  Spawning Pool  
  15  1:14  Drone  
  16  1:22  Drone  
  17  1:40  Hatchery  
  17  1:43  Drone  
  17  1:46  Extractor  
  16  1:49  Drone  
  16  1:53  Extractor  
  16  1:54  Drone  
  17  2:02  Drone  
  18  2:12  Drone  
  19  2:21  Overlord  
  19  2:39  Queen, Zergling x2  
  19  2:41  Drone  
  23  2:55  Queen  
  25  3:03  Drone  
  26  3:08  Drone  
  27  3:13  Drone  
  27  3:18  Drone  
  29  3:33  Roach Warren  
  28  3:34  Drone  
  28  3:38  Drone  
  28  3:41  Zergling x2  
  31  3:44  Zergling x2  
  32  3:51  Overlord  
  32  4:09  Drone x2  
  34  4:13  Zergling x2, Roach  
  34  4:14  Roach  
  34  4:16  Zergling x2, Roach  
  38  4:18  Zergling x2  
  39  4:30  Drone  
  39  4:32  Drone x3  
  39  4:38  Drone  
  36  4:47  Overlord  
  36  4:50  Drone  
  36  4:53  Zergling x2  
  36  4:57  Zergling x2  
  39  5:00  Drone  
  39  5:05  Roach  
  41  5:09  Roach  
  43  5:14  Overlord  
  43  5:18  Roach  
  45  5:27  Lair  
  45  5:40  Drone  
  45  5:42  Drone  
  46  5:45  Drone  
  46  5:47  Zergling x2  
  46  5:50  Zergling x2  
  41  5:59  Drone  
  41  6:04  Drone  
  42  6:08  Drone  
  39  6:14  Drone  
  38  6:19  Drone  
  39  6:26  Drone  
  39  6:27  Hydralisk Den  
  39  6:30  Drone  
  40  6:34  Drone  
  40  6:38  Drone  
  42  6:42  Drone  
  42  6:45  Drone  
  44  6:50  Drone  
  44  6:53  Drone  
  46  6:55  Drone  
  46  6:57  Hydralisk  
  46  7:01  Hydralisk  
  49  7:06  Overlord  
  51  7:09  Drone  
  51  7:12  Drone  
  51  7:14  Drone  
  54  7:17  Drone  
  55  7:24  Drone  
  55  7:25  Drone  
  55  7:28  Overlord  
  57  7:31  Drone  
  57  7:33  Drone  
  57  7:35  Drone  
  60  7:37  Drone  
  60  7:39  Drone  
  60  7:42  Drone  
  63  7:46  Drone  
  63  7:47  Overlord  
  63  7:49  Drone  
  63  7:51  Drone  
  66  7:53  Drone  
  66  7:55  Drone  
  66  7:56  Drone  
  69  7:58  Drone  
  70  8:07  Infestation Pit  
  70  8:08  Overlord  
  70  8:10  Drone  
  70  8:13  Roach  
  70  8:15  Roach  
  70  8:17  Roach  
  76  8:24  Roach  
  76  8:26  Overlord  
  78  8:31  Zergling x6  
  78  8:33  Zergling x2, Evolution Chamber  
  78  8:34  Zergling x2  
  82  8:36  Drone  
  82  8:37  Zergling x2  
  82  8:38  Zergling x2  
  85  8:41  Hatchery  
  85  8:42  Zergling x2  
  85  8:44  Infestor  
  87  8:50  Overlord  
  87  8:51  Drone  
  87  8:54  Overseer  
  88  8:55  Infestor  
  90  9:09  Evolution Chamber, Drone  
  90  9:10  Zergling x2  
  90  9:13  Evolution Chamber  
  90  9:14  Drone  
  92  9:19  Overlord  
Tags
 
Add a new tag
Caveats
  • Supply blocks, unpowered buildings, or Contaminate may cause inaccurate times.
  • Supply counts are checked every 10 seconds.